 Dungeon Crawl Stone Soup version 0.31-a0-1574-g5526595cd0 (webtiles) character file.

Game seed: 9388542407069266214

86 iorena the Apothecary (level 4, 0/31 HPs)
             Began as a Merfolk Alchemist on Jan 4, 2024.
             Slain by a ribbon worm (5 damage)
             ... on level 2 of the Dungeon.
             The game lasted 00:08:28 (1133 turns).

iorena the Apothecary (Merfolk Alchemist)           Turns: 1133, Time: 00:08:28

Health: 0/31       AC:  3    Str:  8    XL:     4   Next: 50%
Magic:  4/7        EV: 13    Int: 16    God:
Gold:   103        SH:  0    Dex: 14    Spells: 7/8 levels left

rFire   + . .        e - +0 hand axe
rCold   + . .        (no shield)
rNeg    . . .        a - +0 robe
rPois   +            (no helmet)
rElec   +            (no cloak)
rCorr   +            (no gloves)
SInv    .            m - +0 pair of boots
Will    .....        (no amulet)
Stlth   ++           (no ring)
HPRegen 0.25/turn    (no ring)
MPRegen 0.10/turn

%: no passive effects
@: brilliant, resistant
A: (nimble swimmer 2), mertail
a: no special abilities


You were on level 2 of the Dungeon.
You visited 1 branch of the dungeon, and saw 3 of its levels.

You collected 103 gold pieces.

Inventory:

Hand Weapons
 e - a +0 hand axe (weapon)
Missiles
 l - 4 poisoned darts
Armour
 a - a +0 robe (worn)
 m - a +0 pair of boots (worn)
Jewellery
 k - a ring of flight
Talismans
 n - a flux talisman
Scrolls
 c - 2 scrolls of blinking {unknown}
 f - a scroll of teleportation {unknown}
 g - a scroll of enchant weapon {unknown}
 o - 2 scrolls of identify {unknown}
 q - a scroll of immolation {unknown}
Potions
 b - 4 potions of magic
 d - a potion of lignification {unknown}
 h - a potion of brilliance
 i - a potion of berserk rage {unknown}
 j - a potion of ambrosia {unknown}


   Skills:
 + Level 0.3 Fighting
 + Level 0.9 Axes
 + Level 3.7 Dodging
 + Level 2.5 Stealth
 + Level 2.5 Spellcasting
 + Level 1.2 Conjurations
 + Level 4.9 Alchemy


You had 7 spell levels left.
You knew the following spells:

 Your Spells              Type           Power      Damage    Failure   Level
a - Sting                 Conj/Alch      68%        1d7       5%          1

Your spell library contained the following spells:

 Spells                   Type           Power      Damage    Failure   Level
 Mercury Vapours          Alch/Air       28%        N/A       11%         2
 Apportation              Tloc           6%         N/A       21%         1
 Necrotise                Necr           12%        1d4       21%         1
 Summon Small Mammal      Summ           12%        N/A       21%         1
 Mephitic Cloud           Conj/Alch/Air  12%        N/A       26%         3
 Olgreb's Toxic Radiance  Alch           26%        N/A       26%         4
 Sticky Flame             Fire/Alch      14%        2d5       56%         4


Dungeon Overview and Level Annotations

Branches:
Dungeon (3/15)

Altars:
Qazlal
Uskayaw


Innate Abilities, Weirdness & Mutations

((You are very nimble when in or above water. (Stealth+, EV+, Speed+++)))
Your lower body shifts to a powerful aquatic tail in water.


Message History

Aim: a ribbon worm (90% to hit)
The sting hits the ribbon worm.
The ribbon worm is poisoned.
The ribbon worm is lightly wounded.
The ribbon worm bites you but does no damage.
Casting: Sting (safe; 5% risk of failure)
Confirm with . or Enter, or press ? or * to list all spells.
Aiming: Sting (safe; 5% risk of failure)
Press: ? - help, Shift-Dir - straight line, f/p - ribbon worm
Aim: a ribbon worm (lightly wounded, poisoned, 90% to hit)
The sting hits the ribbon worm.
The ribbon worm looks even sicker.
The ribbon worm is lightly wounded.
The ribbon worm bites you.
The goblin unwields a +0 sling.
The goblin wields a +0 dagger.
The goblin hits you with a +0 dagger.
Casting: Sting (safe; 5% risk of failure)
Confirm with . or Enter, or press ? or * to list all spells.
You don't know that spell.
Sorry, you're not good enough to have a special ability.
Casting: Sting (safe; 5% risk of failure)
Confirm with . or Enter, or press ? or * to list all spells.
Aiming: Sting (safe; 5% risk of failure)
Press: ? - help, Shift-Dir - straight line, f - goblin, p - ribbon worm
Aim: a goblin, wielding a +0 dagger (64% to hit)
The sting hits the goblin.
The goblin is poisoned.
The goblin is moderately wounded.
The ribbon worm bites you. The goblin hits you with a +0 dagger.
The ribbon worm bites you.
There is an open door, spattered with blood here.
The goblin unwields a +0 dagger.
The goblin wields a +0 sling.
The goblin shoots a sling bullet.
The sling bullet hits you.
* * * LOW HITPOINT WARNING * * *
It was a potion of brilliance.
You feel clever all of a sudden.
You kill the goblin!
It was a potion of resistance.
You feel protected.
The ribbon worm attacks as it pursues you!
The ribbon worm barely misses you.
The ribbon worm attacks as it pursues you!
The ribbon worm bites you.
You die...

##..##....#
##8.)8##..#
+....[.'..#
#..#..##..#..#
#..########..##
#.. #....#....#
#.. #....#....#
#.. ####'####'##
#.!##.w@.......#
#...#..........#
#..)'..##..#####
############


You could see a ribbon worm (poisoned).

Vanquished Creatures
  A hound (D:2)
  An adder (D:2)
  A dart slug (D:2)
  A ribbon worm (D:2)
  An endoplasm (D:1)
  3 giant cockroaches
  4 goblins
  5 hobgoblins
  4 jackals (D:1)
  3 quokkas
  5 bats
  3 frilled lizards (D:1)
  4 kobolds
  6 rats
42 creatures vanquished.

Notes
Turn   | Place    | Note
-------+----------+-------------------------------------------
     0 | D:1      | iorena the Merfolk Alchemist began the quest for the Orb.
     0 | D:1      | Reached XP level 1. HP: 13/13 MP: 3/3
   165 | D:1      | Reached XP level 2. HP: 15/19 MP: 3/5
   504 | D:2      | Found a faded altar of an unknown god.
   553 | D:1      | Reached XP level 3. HP: 16/24 MP: 3/6
   761 | D:3      | Found a stormy altar of Qazlal.
   761 | D:3      | Found a hide-covered altar of Uskayaw.
   943 | D:2      | Reached skill level 1 in Conjurations
   943 | D:2      | Reached XP level 4. HP: 17/30 MP: 4/7
  1133 | D:2      | Slain by a ribbon worm

Illustrated notes

Levels and vault maps discovered:
D:1:      moated_graveyard_arrival, layout_basic, minmay_misc_feat_rugged,
          kennysheep_crisscross, minmay_hexomino_r4
D:2:      minmay_chambers_of_twos, layout_basic, ebering_ecumenical_altar_rust
D:3:      layout_loops_cross, kennysheep_ying_yang,
          mainiacjoe_overflow_alcove_2, grunt_temple_overflow_open, uniq_natasha

Skill      XL: |  1  2  3 |
---------------+----------+-----
Dodging        | 3 |  3.7
Conjurations   | 1 |  1.2
Fighting       | |  0.3
Axes           | |  0.9
Stealth        | |  2.5
Spellcasting   | |  2.5
Alchemy        | |  4.9

Action                     |  1- 3 |  4- 6 || total
---------------------------+-------+-------++-------
  Melee: Hand axe          |    65 |    22 ||    87
         Unarmed           |     6 |       ||     6
   Cast: Sting             |    34 |    12 ||    46
    Use: Potion            |       |     2 ||     2
   Stab: Sleeping          |     2 |       ||     2
 Armour: Robe              |    65 |    34 ||    99
  Dodge: Dodged            |    85 |    26 ||   111

Table legend: (Time is in decaauts)
 A = Elapsed time spent in this place.
 B = Non-inter-level travel time spent in this place.
 C = Inter-level travel time spent in this place.
 D = Time resting spent in this place.
 E = Time spent auto-exploring this place.
 F = Levels seen in this place.
 G = Mean time per level.
                   A        B        C        D        E       F      G
               +--------+--------+--------+--------+--------+-----+--------+
         Total |   1156 |   1156 |      0 |      0 |    301 |   3 |  385.3 |
       Dungeon |   1156 |   1156 |      0 |      0 |    301 |   3 |  385.3 |
               +--------+--------+--------+--------+--------+-----+--------+

Top non-repeatable levels by time:
     D:1: 713 daAuts
     D:2: 441 daAuts
     D:3: 1 daAuts
